 Dungeon Crawl Stone Soup version 0.26-a0-1126-g3318b609a0 (webtiles) character file.

Game seed: 15478245414856948358

3144 Goblin1989 the Grappler (level 9, -6/88 HPs)
             Began as a Troll Fighter on Dec 16, 2020.
             Was an Initiate of Gozag.
             Mangled by an unseen horror (11 damage)
             ... on level 8 of the Dungeon on Dec 17, 2020.
             The game lasted 00:18:52 (7737 turns).

Goblin1989 the Grappler (Troll Fighter)             Turns: 7737, Time: 00:18:53

Health: -6/88      AC:  6    Str: 32    XL:     9   Next: 62%
Magic:  8/8        EV: 10    Int: 13    God:    Gozag
Gold:   182        SH: 10    Dex:  9    Spells: 8/8 levels left

rFire    + + .     SeeInvis .     - Unarmed
rCold    + . .     Faith    .   b - +0 kite shield
rNeg     + . .     Spirit   .   a - +0 robe
rPois    +         Reflect  .   (helmet restricted)
rElec    +         Harm     .   (no cloak)
rCorr    +         Rampage  .   (gloves unavailable)
Will     .....                  (boots unavailable)
Stlth    +.........             (no amulet)
HPRegen  0.64/turn              Q - ring "Gaacw" {rElec rF+ rN+ Str+6}
MPRegen  0.11/turn              I - +6 ring of intelligence

@: resistant
A: large, unfitting armour, claws 3, regeneration 1, shaggy fur 1, tough skin 3
a: Renounce Religion, Potion Petition, Call Merchant, Bribe Branch


You were on level 8 of the Dungeon.
You worshipped Gozag.
Gozag was aware of your devotion.
You visited 2 branches of the dungeon, and saw 9 of its levels.
You also visited: Sewer.

You collected 968 gold pieces.
You spent 455 gold pieces at shops.
You paid 331 gold pieces to Gozag.

Inventory:

Hand Weapons
 G - the +6 hunting sling of Understanding {vorpal, rElec Int+4}
   (You bought it in a shop on level 7 of the Dungeon)

   Any stone fired from it inflicts extra damage.
   It affects your intelligence (+4).
   It insulates you from electricity.
Missiles
 k - 220 arrows
 l - 250 stones {@Q3}
 m - 14 boomerangs (quivered)
 p - 127 bolts
 F - 3 poisoned darts
 X - 8 atropa-tipped darts
Armour
 a - a +0 robe (worn)
 b - a +0 kite shield (worn)
Magical Staves
 O - an uncursed staff of earth
Jewellery
 I - a +6 ring of intelligence (right claw)
 N - an uncursed ring of ice
 Q - the ring "Gaacw" (left claw) {rElec rF+ rN+ Str+6}
   (You found it on level 5 of the Dungeon)

   [ring of strength]

   It affects your strength (+6).
   It protects you from fire.
   It insulates you from electricity.
   It protects you from negative energy.
 Z - an uncursed ring of wizardry
Wands
 e - a wand of disintegration (11)
 M - a wand of flame (19) {@v6}
 Y - a wand of paralysis (15) {@v7}
Scrolls
 d - 5 scrolls of remove curse {@r3}
 i - 7 scrolls of amnesia
 H - a scroll of noise {unknown}
 K - 2 scrolls of immolation
 L - a scroll of fog
 R - 5 scrolls of identify {@r1}
 U - 2 scrolls of teleportation {!r, @r2}
 V - 2 scrolls of magic mapping {unknown}
 W - 2 scrolls of enchant armour
Potions
 c - 2 potions of might {@q4}
 f - 4 potions of curing {@q1}
 g - 5 potions of haste {unknown}
 j - a potion of experience {unknown}
 n - 2 potions of attraction {unknown}
 q - 2 potions of magic {unknown}
 t - 2 potions of ambrosia {unknown}
 J - a potion of cancellation {unknown}
 P - a potion of mutation {unknown}
 S - 3 potions of flight {unknown}
 T - 2 potions of heal wounds {unknown}


   Skills:
 + Level 5.6 Fighting
 + Level 5.6 Dodging
 + Level 5.5 Shields
 * Level 8.9 Unarmed Combat


You had 8 spell levels left.
You didn't know any spells.
Your spell library contained the following spells:

 Spells                   Type           Power        Failure   Level
 Corona                   Hex            0%           54%         1
 Summon Small Mammal      Summ           0%           54%         1
 Call Imp                 Summ           0%           67%         2
 Slow                     Hex            0%           67%         2
 Call Canine Familiar     Summ           0%           88%         3
 Inner Flame              Hex/Fire       0%           88%         3
 Portal Projectile        Hex/Tloc       0%           88%         3
 Summon Guardian Golem    Hex/Summ       0%           88%         3
 Cause Fear               Hex            0%           99%         4
 Leda's Liquefaction      Hex/Erth       0%           99%         4
 Summon Ice Beast         Ice/Summ       0%           99%         4
 Summon Lightning Spire   Summ/Air       0%           99%         4


Dungeon Overview and Level Annotations

Branches:
Dungeon (8/15)             Temple (1/1) D:5           Sewer (visited)
   Lair: D:8-11

Altars:
Ashenzari
Cheibriados
Dithmenos
Elyvilon
Fedhas
Gozag
Hepliaklqana
Kikubaaqudgha
Makhleb
Nemelex Xobeh
Okawaru
Qazlal
Ru
Sif Muna
Trog
Uskayaw
Vehumet
Wu Jian
Xom
Yredelemnul
Zin
The Shining One
Beogh

Shops:
D:7 :=(?

Annotations:
D:3 1 runed translucent door, 1 exclusion, polelong's ghost, weakling GrIE
D:4 1 runed translucent door, casual's ghost, weakling TrDe
D:6 3 runed translucent doors, casual's ghost, novice TrDe
D:7 1 runed translucent door, Crazy Yiuf


Innate Abilities, Weirdness & Mutations

You are too large for most types of armour.
You have claws for hands.
Your natural rate of healing is unusually fast.
You are covered in fur. (AC +1)
You have extremely tough skin. (AC +3)


Message History

You take 3 damage, and have 72/88 hp.
You barely miss the gnoll. You block the gnoll's attack.
You mangle the gnoll!!
You kill the gnoll!
No target in view!
No target in view!
No target in view!
No target in view!
No target in view!
No target in view!
No target in view!
No target in view!
No target in view!
No target in view!
No target in view!
No target in view!
No target in view!
No target in view!
No target in view!
No target in view!
Things that are here:
4 gold pieces; a +0 spear
There is a strange disturbance nearby!
There is a strange disturbance nearby!
There is a strange disturbance nearby!
No target in view!
Something hits you.
Things that are here:
4 gold pieces; a +0 spear You take 6 damage, and have 69/88 hp.
You closely miss something. Something hits you.
You take 5 damage, and have 67/88 hp.
You closely miss something. Something hits you.
You take 1 damage, and have 66/88 hp.
Something hits you but does no damage. Something hits you.
Items here: $ )) [[.
You take 2 damage, and have 64/88 hp.
Something hits you.
Things that are here:
5 gold pieces; a cursed -1 halberd You take 4 damage, and have 60/88 hp.
You block something's attack. Something hits you!
You take 6 damage, and have 54/88 hp.
Something hits you. Something hits you but does no damage.
Something hits you but does no damage.
Things that are here:
5 gold pieces; a cursed -1 halberd Something hits you.
Something hits you!
Items here: $ )) [[.
You take 13 damage, and have 41/88 hp.
You scratch something. Something hits you.
* * * LOW HITPOINT WARNING * * *
You take 3 damage, and have 38/88 hp.
Something hits you.
* * * LOW HITPOINT WARNING * * *
Something hits you!
* * * LOW HITPOINT WARNING * * *
Items here: $ )) [[.
You take 6 damage, and have 32/88 hp.
Something hits you.
* * * LOW HITPOINT WARNING * * *
Things that are here:
5 gold pieces; a cursed -1 halberd You take 2 damage, and have 30/88 hp.
You block something's attack. Something hits you.
* * * LOW HITPOINT WARNING * * *
You take 1 damage, and have 30/88 hp.
Something hits you but does no damage.
You swing at nothing.
Something hits you!
* * * LOW HITPOINT WARNING * * *
You take 6 damage, and have 25/88 hp.
You closely miss something. Something hits you but does no damage.
Something hits you but does no damage. Something hits you but does no damage.
Something hits you!
* * * LOW HITPOINT WARNING * * *
Something hits you.
* * * LOW HITPOINT WARNING * * *
You take 10 damage, and have 17/88 hp.
Something hits you!
* * * LOW HITPOINT WARNING * * *
Something hits you but does no damage.
You take 11 damage, and have 6/88 hp.
You claw something! Something hits you.
* * * LOW HITPOINT WARNING * * *
You take 4 damage, and have 2/88 hp.
You feel better. Something hits you!
* * * LOW HITPOINT WARNING * * *
You regained 3 hp, and now have 5/88 hp. [a] - 220 gold - resistance [b] - 391 gold - lignification, might and resistance [c] - 513 gold - might, brilliance, curing and magic Purchase which effect?
You no longer have enough gold to petition Gozag for potion effects.
You feel protected. Something hits you!
You die...
Your body crumbles into a pile of gold. ....██.█ █.█ █████████ ...███.███.█ █.......█ .........█.█ █.█ .....███.█.█ ███████$█████.█ █....█ █...█ █....$$........ .....███.███ █.█████.█████.█ ..█...<..█ █.█ █.......█ ███.██████ ██████.█ █████████

██.██ █...@..█ █.>.█
█.██████ █...█ █.███████
█...█ █.......███████
██.))████████....██.█.....█
....................█.....█
...........██..█..........█
.........█.██..█....█.....█
██...██.██..........█>....█


There were no monsters in sight!

Vanquished Creatures
  A wraith (D:7)
  Sigmund (D:6)
  Eustachio (D:6)
  A sky beast (D:8)
  An ice beast (D:5)
  6 ogres
  3 centaurs
  Blork the orc (D:6)
  2 big kobolds
  3 bullfrogs
  A gnoll sergeant (D:8)
  2 scorpions
  A wyvern skeleton (D:8)
  2 centaur zombies (D:5)
  A jelly (D:6)
  A quasit (D:8)
  2 hounds
  6 orc priests
  A bullfrog skeleton (D:8)
  2 iguanas
  3 orc wizards
  Natasha (twice) (D:4)
  6 worker ants
  A hound zombie (D:8)
  16 gnolls
  2 howler monkey skeletons
  6 adders
  A river rat (Sewer)
  A shadow imp (D:5)
  2 white imps (D:6)
  An ooze (D:1)
  An adder skeleton (D:7)
  2 adder zombies (D:5)
  2 worms
  2 dart slugs
  7 leopard geckos
  19 orcs
  8 bats
  6 giant cockroaches
  7 goblins
  15 hobgoblins
  18 jackals
  15 kobolds
  5 quokkas
  4 ball pythons
  7 frilled lizards
  A jackal skeleton (D:5)
  A leopard gecko skeleton (D:5)
  A quokka skeleton (D:8)
  A quokka zombie (D:5)
  11 rats
213 creatures vanquished.

Notes
Turn   | Place    | Note
-------+----------+-------------------------------------------
     0 | D:1      | Goblin1989 the Troll Fighter began the quest for the Orb.
     0 | D:1      | Reached XP level 1. HP: 22/22 MP: 0/0
    31 | D:1      | Reached XP level 2. HP: 29/29 MP: 1/1
   364 | D:1      | Reached XP level 3. HP: 36/36 MP: 2/2
   729 | D:2      | Reached skill level 3 in Unarmed Combat
   765 | D:2      | Reached XP level 4. HP: 36/44 MP: 3/3
  1305 | D:2      | Found an ornate altar of the Wu Jian Council.
  1608 | D:3      | Reached XP level 5. HP: 53/53 MP: 4/4
  1781 | D:3      | Found a runed translucent door.
  1786 | D:3      | Noticed polelong's ghost (weakling GrIE)
  1882 | D:3      | Reached skill level 4 in Unarmed Combat
  1985 | D:3      | Found a glowing drain.
  1995 | Sewer    | Entered a sewer
  2064 | Sewer    | Reached XP level 6. HP: 53/61 MP: 5/5
  2100 | Sewer    | Found a white marble altar of Elyvilon.
  2696 | D:4      | Reached skill level 5 in Unarmed Combat
  2748 | D:4      | Reached XP level 7. HP: 51/68 MP: 6/6
  2788 | D:4      | Found a runed translucent door.
  2793 | D:4      | Noticed casual's ghost (weakling TrDe)
  3005 | D:4      | Noticed Natasha
  3013 | D:4      | Killed Natasha
  3072 | D:4      | Noticed Natasha
  3079 | D:4      | Killed Natasha
  3534 | D:5      | Entered Level 5 of the Dungeon
  3795 | D:5      | Reached skill level 6 in Unarmed Combat
  3808 | D:5      | Reached XP level 8. HP: 48/78 MP: 7/7
  4270 | D:5      | Got a wavering wooden ring
  4338 | D:5      | Found a staircase to the Ecumenical Temple.
  4347 | Temple   | Entered the Ecumenical Temple
  4416 | Temple   | Became a worshipper of Gozag Ym Sagoz the Greedy
  4937 | D:6      | Reached skill level 7 in Unarmed Combat
  5042 | D:6      | Found a runed translucent gate.
  5042 | D:6      | Noticed casual's ghost (novice TrDe)
  5044 | D:6      | Found a runed translucent gate.
  5044 | D:6      | Found a runed translucent gate.
  5269 | D:6      | Noticed Eustachio
  5309 | D:6      | Killed Eustachio
  5537 | D:6      | Reached skill level 5 in Dodging
  5543 | D:6      | Reached XP level 9. HP: 75/87 MP: 8/8
  5543 | D:6      | Identified the ring "Gaacw" {rElec rF+ rN+ Str+6} (You
                  | found it on level 5 of the Dungeon)
  5597 | D:6      | Noticed Blork the orc
  5602 | D:6      | Killed Blork the orc
  5603 | D:6      | Reached skill level 5 in Fighting
  5603 | D:6      | Reached skill level 5 in Shields
  5629 | D:6      | Noticed Sigmund
  5639 | D:6      | Killed Sigmund
  5738 | D:6      | Reached skill level 8 in Unarmed Combat
  6019 | D:6      | Identified the +5 chain mail of the Valley of Death {rN+
                  | rCorr Int+4 Stlth-}
  6020 | D:6      | Found a roughly hewn altar of Beogh.
  6035 | D:6      | Upgraded the game from 0.26-a0-1107-g6118521029 to
                  | 0.26-a0-1126-g3318b609a0
  6208 | D:7      | Found Noadoplu's Book Shoppe.
  6218 | D:7      | Found Maan's Antique Weapon Shoppe.
  6219 | D:7      | Found Etakkump's Magic Scroll Shoppe.
  6221 | D:7      | Found Nackeffa's Jewellery Shoppe.
  6328 | D:7      | Bought a scroll of teleportation for 36 gold pieces
  6328 | D:7      | Bought a scroll of fog for 24 gold pieces
  6328 | D:7      | Bought a scroll of enchant armour for 90 gold pieces
  6328 | D:7      | Bought 2 scrolls of immolation for 84 gold pieces
  6490 | D:7      | Found a runed translucent door.
  6491 | D:7      | Noticed Crazy Yiuf
  6870 | D:8      | Found a hazy altar of Hepliaklqana.
  6877 | D:8      | Found a bloodstained altar of Trog.
  6882 | D:8      | Found a shimmering blue altar of Sif Muna.
  6889 | D:8      | Found a snail-covered altar of Cheibriados.
  6900 | D:8      | Found a shadowy altar of Dithmenos.
  6911 | D:8      | Found a sacrificial altar of Ru.
  6916 | D:8      | Found a white marble altar of Elyvilon.
  6991 | D:8      | Noticed a two-headed ogre
  7426 | D:7      | Bought a twisted hunting sling for 221 gold pieces
  7426 | D:7      | Identified the +6 hunting sling of Understanding {vorpal,
                  | rElec Int+4} (You bought it in a shop on level 7 of the
                  | Dungeon)
  7735 | D:8      | HP: 2/88 [something (5)]
  7737 | D:8      | Mangled by an unseen horror

Illustrated notes

Levels and vault maps discovered:
D:1:      dpeg_arrival_long_road, layout_basic
D:2:      layout_basic, lemuel_round_altar
D:3:      kennysheep_big_flooded_room, layout_basic, gup_sewer_entry_bubbles,
          ebering_ghost_reflecting_pool
D:4:      layout_basic, hellmonk_ghost_happy_afterlife, uniq_natasha
D:5:      layout_basic, minmay_temple_entry_offerings
D:6:      cheibrodos_thug_alley, layout_gridville, biasface_ghost_orc_armoury,
          uniq_eustachio, uniq_blork_the_orc, uniq_sigmund
D:7:      layout_cave_pools, kennysheep_small_spiral, minmay_shop_grid_forest,
          eino_tiny_chamber, uniq_crazy_yiuf_cottage
D:8:      layout_loops_cross, grunt_temple_overflow_octagram
Temple:   jpeg_temple_clearing

Skill      XL: |  1  2  3  4  5  6  7  8  9 |
---------------+----------------------------+-----
Unarmed Combat | 3 4 5 6 7 8 |  8.9
Dodging        | 3 4 5 |  5.6
Fighting       | 3 4 5 |  5.6
Shields        | 3 4 5 |  5.5

Action                   |  1- 3 |  4- 6 |  7- 9 || total
-------------------------+-------+-------+-------++-------
Melee: Unarmed           |    94 |   172 |   388 ||   654
 Fire: Hunting sling     |       |       |     4 ||     4
Throw: Boomerang         |       |       |     4 ||     4
Invok: Potion Petition   |       |       |     1 ||     1
  Use: Scroll            |       |     6 |       ||     6
       Potion            |       |       |     1 ||     1
 Stab: Sleeping          |       |     1 |     1 ||     2
Armor: Robe              |    41 |    44 |    90 ||   175
Dodge: Dodged            |    28 |    37 |   136 ||   201
Block: Kite shield       |    51 |    69 |   152 ||   272

Table legend: (Time is in decaauts)
 A = Elapsed time spent in this place.
 B = Non-inter-level travel time spent in this place.
 C = Inter-level travel time spent in this place.
 D = Time resting spent in this place.
 E = Time spent auto-exploring this place.
 F = Levels seen in this place.
 G = Mean time per level.
                   A        B        C        D        E       F      G
               +--------+--------+--------+--------+--------+-----+--------+
         Total |   7773 |   7313 |    460 |    203 |   5399 |  10 |  777.3 |
       Dungeon |   7464 |   7025 |    439 |    203 |   5209 |   8 |  933.0 |
        Temple |     90 |     69 |     21 |      0 |     65 |   1 |   90.0 |
         Sewer |    218 |    218 |      0 |      0 |    124 |   1 |  218.0 |
               +--------+--------+--------+--------+--------+-----+--------+

Top non-repeatable levels by time:
     D:6: 1318 daAuts
     D:5: 1141 daAuts
     D:7: 1010 daAuts
     D:4: 950 daAuts
     D:2: 933 daAuts
     D:3: 872 daAuts
     D:1: 621 daAuts
     D:8: 614 daAuts
   Sewer: 218 daAuts
  Temple: 90 daAuts
